 Dungeon Crawl Stone Soup version 0.20-a0-618-gbb8d3ca (webtiles) character file.

1326 M4edhros the Covert (level 8, -4/48 HPs)
             Began as an Octopode Artificer on Feb 9, 2017.
             Slain by an ogre
             ... wielding a +0 giant club
              (27 damage)
             ... on level 6 of the Dungeon.
             The game lasted 00:04:39 (4352 turns).

M4edhros the Covert (Octopode Artificer)            Turns: 4352, Time: 00:04:39

Health: -4/48      AC:  1    Str: 11    XL:     8   Next: 60%
Magic:  10/10      EV: 13    Int: 13    God:
Gold:   201        SH:  0    Dex: 15    Spells: 7/7 levels left

rFire    + . .     SeeInvis .   f - +2 whip (venom)
rCold    x . .     Gourm    .   (no shield)
rNeg     . . .     Faith    .   (helmet restricted)
rPois    .         Spirit   .   (no amulet)
rElec    .         Reflect  .   e - ring of flight
rCorr    .         Harm     .   l - ring of fire
MR       .....                  (no ring)
Stlth    +++++++...             (no ring)
Regen    0.2/turn               (no ring)
                                (no ring)
                                (no ring)
                                (no ring)

@: no status effects
A: almost no armour, stealthy swim, amphibious, 8 rings, constrict 8, camouflage
1, gelatinous body 1
a: Evoke Flight


You were on level 6 of the Dungeon.
You were not hungry.

You visited 1 branch of the dungeon, and saw 6 of its levels.
You also visited: Sewer.

You collected 201 gold pieces.

Inventory:

Hand Weapons
 a - a +0 short sword
 f - a +2 whip of venom (weapon)
Missiles
 i - 156 stones (quivered)
Jewellery
 e - a ring of flight (left tentacle)
 l - a ring of fire (right tentacle)
 x - a cursed ring of loudness {unknown}
Wands
 b - a wand of flame (7/48)
 c - a wand of enslavement (9/24)
 d - a wand of random effects (15/48)
 k - a wand of paralysis (3/24)
 p - a wand of polymorph (9/24)
 u - a wand of flame (18/48)
Scrolls
 h - 2 scrolls of recharging {unknown}
 j - a scroll of fear {unknown}
 m - 4 scrolls of identify {unknown}
 n - a scroll of amnesia {unknown}
 q - a scroll of blinking {unknown}
 t - a scroll of enchant weapon {unknown}
 w - a scroll of magic mapping {unknown}
Potions
 g - a potion of curing
 o - 2 potions of flight
 r - a potion of might
Comestibles
 s - a bread ration
 v - a chunk of flesh


   Skills:
 - Level 1.0 Fighting
 - Level 1.0 Short Blades
 - Level 2.0 Dodging
 + Level 13.8 Stealth
 - Level 3.2 Evocations


You had 7 spell levels left.
You didn't know any spells.

Dungeon Overview and Level Annotations

Branches:
Dungeon (6/15)
 Temple: D:4-7

Altars:

Annotations:
D:4 Eustachio, Robin


Innate Abilities, Weirdness & Mutations

You cannot wear most types of armour.
You are very stealthy in the water. (Stealth+)
You are amphibious.
You can wear up to eight rings at the same time.
You can use your tentacles to constrict eight enemies at once.
Your skin changes colour to match your surroundings (Stealth+).
Your rubbery body absorbs attacks. (AC +1, EV +1)


Message History

An ogre comes into view. It is wielding a giant club.
An ogre is nearby!
An ogre is nearby!
A jelly comes into view.
The helpless ogre fails to defend itself.
You whack the ogre!
The ogre is poisoned.
You squeeze the ogre.
The ogre is moderately wounded.
The ogre hits you with a giant club!!
Ouch! That really hurt!
The jelly quivers.
You are too injured to fight recklessly!
Evoke which item? (* to show all) (? for menu, Esc to quit)
Aiming: Throw Flame
Press: ? - help, Shift-Dir - straight line, f - ogre
Aim: an ogre, wielding a giant club (heavily wounded, poisoned)
The puff of flame hits the ogre.
The ogre is almost dead.
This wand has 7 charges left.
The ogre hits you with a giant club!!
Ouch! That really hurt!
You die...

#......#####.#.#....##........
#...........#.#....##...###'#
#...........#.#....######....
#......J....#.#.....# #....
#...........#.#####.# #....
#...........#.# ..# ###.#
.............#.######.# #.#
............O.......... #.#
..######.....@...#####. ... ..
#.........# #.........#
#.........# #.........#
#.........# ...........#
...........#


You could see an ogre and a jelly.

Vanquished Creatures
  Pikel (D:4)
  Prince Ribbit (D:5)
  The ghost of M4edhros the Sneak, an amateur OpAr (D:3)
  A big kobold (Sewer)
  A howler monkey (D:4)
  3 crimson imps
  A centaur skeleton (D:6)
  2 orc wizards (D:6)
  5 worker ants
  3 big kobold zombies (Sewer)
  2 adders
  6 shadow imps
  2 oozes
  3 adder zombies
  2 dart slugs
  6 leopard geckos (D:4)
  7 orcs
  2 bats (D:3)
  A giant cockroach (Sewer)
  4 goblins
  2 hobgoblins
  4 jackals
  18 kobolds
  4 frilled lizards
  A kobold zombie (Sewer)
  2 rats
85 creatures vanquished.

Vanquished Creatures (collateral kills)
  2 kobolds (Sewer)
2 creatures vanquished.

Vanquished Creatures (others)
  2 slaves (D:4)
  A quasit (Sewer)
  2 big kobold zombies (Sewer)
  A shadow imp (Sewer)
  An ooze (Sewer)
  3 kobold zombies (Sewer)
10 creatures vanquished.

Grand Total: 97 creatures vanquished

Notes
Turn   | Place    | Note
-------+----------+-------------------------------------------
     0 | D:1      | M4edhros the Octopode Artificer began the quest for the Orb.
     0 | D:1      | Reached XP level 1. HP: 13/13 MP: 3/3
    47 | D:1      | Reached skill level 2 in Stealth
   279 | D:2      | Reached XP level 2. HP: 18/18 MP: 4/4
   285 | D:2      | Reached skill level 3 in Stealth
   502 | D:2      | Reached skill level 4 in Stealth
   502 | D:2      | Reached XP level 3. HP: 23/23 MP: 5/5
   571 | D:3      | Noticed M4edhros's ghost (amateur OpAr)
   932 | D:3      | Killed M4edhros's ghost
   932 | D:3      | Reached skill level 6 in Stealth
   932 | D:3      | Reached XP level 4. HP: 20/28 MP: 6/6
  1106 | D:4      | Reached skill level 7 in Stealth
  1106 | D:4      | Reached XP level 5. HP: 19/33 MP: 7/7
  1257 | D:4      | Found a glowing drain.
  1277 | Sewer    | Entered a sewer
  1487 | Sewer    | Reached skill level 8 in Stealth
  1828 | Sewer    | Reached XP level 6. HP: 27/38 MP: 8/8
  1865 | Sewer    | Noticed Grinder
  1867 | Sewer    | Found a burning altar of Makhleb.
  1869 | Sewer    | Noticed Grinder
  1869 | Sewer    | Grinder changed into Grinder the crimson imp
  1873 | Sewer    | Killed Grinder the crimson imp
  2365 | Sewer    | Reached skill level 9 in Stealth
  2922 | D:4      | Noticed Pikel
  2922 | D:4      | Noticed a slave
  2922 | D:4      | Noticed a slave
  2923 | D:4      | Noticed a slave
  2923 | D:4      | Noticed a slave
  2937 | D:4      | Killed Pikel
  2937 | D:4      | Reached skill level 11 in Stealth
  2937 | D:4      | Reached XP level 7. HP: 15/43 MP: 9/9
  3083 | D:4      | Reached skill level 12 in Stealth
  3083 | D:4      | Reached XP level 8. HP: 34/48 MP: 10/10
  3114 | D:4      | Noticed Robin
  3127 | D:4      | Noticed Eustachio
  3155 | D:5      | Entered Level 5 of the Dungeon
  3433 | D:5      | Noticed Prince Ribbit
  3494 | D:5      | Killed Prince Ribbit
  3494 | D:5      | Reached skill level 13 in Stealth
  4352 | D:6      | Slain by an ogre

Vault maps used:
D:1:      dpeg_arrival_round_a
D:2:      yredelemnul_forgotten_temple_becter, kennysheep_vampire_church,
          lemuel_doored_altar, uniq_iyjb, uniq_sigmund
D:3:      corexii_shack_village, chequers_temple_overflow_statue_of_worship,
          small_statue_intersection
D:4:      gup_sewer_entry_pipe, uniq_pikel, uniq_robin, uniq_eustachio
D:5:      first_bread, dk_rats_in_the_wall, uniq_prince_ribbit1
D:6:      nicolae_ru_the_path_less_chosen
Sewer:    kennysheep_sewer_church

Skill      XL: |  1  2  3  4  5  6  7  8 |
---------------+-------------------------+-----
Stealth        | 2 4 6 7 8 11 12 13 | 13.8
Fighting       | |  1.0
Short Blades   | |  1.0
Dodging        | |  2.0
Evocations     | |  3.2

Action                   |  1- 3 |  4- 6 |  7- 9 || total
-------------------------+-------+-------+-------++-------
Melee: Short sword       |    44 |   132 |       ||   176
       Constrict         |    10 |    28 |    16 ||    54
       Tentacles         |     7 |    24 |    15 ||    46
       Whip              |       |     7 |    57 ||    64
Evoke: Wand              |     4 |    12 |     1 ||    17
  Use: Potion            |       |     4 |     2 ||     6
 Stab: Sleeping          |     2 |     9 |     5 ||    16
       Paralysed         |       |     5 |       ||     5
       Distracted        |       |     2 |       ||     2
  Eat: Chunk             |       |     2 |     3 ||     5
       Bread ration      |       |     1 |       ||     1
       Royal jelly       |       |     1 |       ||     1
Armor: Skin              |     6 |    61 |       ||    67
Dodge: Dodged            |    45 |    86 |    40 ||   171
